 Dungeon Crawl Stone Soup version 0.24-a0-528-g98e85ec62a (webtiles) character file.

Game seed: 7127318820527016484

185 Gynju the Chopper (level 5, -1/41 HPs)
             Began as a Formicid Fighter on Aug 5, 2019.
             Succumbed to a killer bee's poison
             ... on level 4 of the Dungeon.
             The game lasted 00:03:04 (3006 turns).

Gynju the Chopper (Formicid Fighter)                Turns: 3006, Time: 00:03:05

Health: -1/41      AC: 10    Str: 21    XL:     5   Next: 96%
Magic:  5/5        EV:  5    Int:  8    God:
Gold:   161        SH:  9    Dex: 10    Spells: 4/4 levels left

rFire    . . .     SeeInvis +   a - +0 war axe
rCold    . . .     Gourm    .   c - +0 shield
rNeg     . . .     Faith    .   m - +0 chain mail
rPois    .         Spirit   .   (helmet unavailable)
rElec    .         Reflect  .   (no cloak)
rCorr    .         Harm     .   (no gloves)
MR       .....                  h - +0 pair of boots
Stlth    ..........             (no amulet)
HPRegen  0.13/turn              e - ring of teleportation (curse)
MPRegen  0.09/turn              (no ring)

@: lethally poisoned (-1 -> -27)
A: permanent stasis, dig shafts and tunnels, four strong arms, antennae 3
a: Dig, Shaft Self


You were on level 4 of the Dungeon.
You were not hungry.

You visited 1 branch of the dungeon, and saw 4 of its levels.

You collected 161 gold pieces.

Inventory:

Hand Weapons
 a - a +0 war axe (weapon)
 n - a +0 hunting sling
 t - a +0 flail
Missiles
 o - 15 sling bullets
Armour
 c - a +0 shield (worn)
 h - a +0 pair of boots (worn)
 m - a +0 chain mail (worn)
Jewellery
 e - a cursed ring of teleportation (left hand)
 r - an uncursed ring of protection from cold {unknown}
Wands
 v - a wand of iceblast (9)
Scrolls
 b - a scroll of magic mapping {unknown}
 i - 2 scrolls of remove curse {unknown}
 j - 2 scrolls of identify {unknown}
 p - a scroll of fear {unknown}
 s - a scroll of enchant weapon {unknown}
 u - a scroll of teleportation {unknown}
 x - a scroll of blinking {unknown}
Potions
 d - a potion of might
 g - 2 potions of curing {unknown}
 k - 2 potions of flight {unknown}
 l - a potion of lignification {unknown}
 w - a potion of invisibility {unknown}
Comestibles
 f - 8 rations


   Skills:
 - Level 3.3 Fighting
 + Level 5.6 Axes
 - Level 3.3 Armour
 - Level 3.6 Shields


You had 4 spell levels left.
You didn't know any spells.
Your spell library was empty.

Dungeon Overview and Level Annotations

Branches:
Dungeon (4/15)
 Temple: D:4-7

Altars:


Innate Abilities, Weirdness & Mutations

You cannot be hasted, slowed, berserked, paralysed or teleported.
You can dig through walls and to a lower floor.
Your four strong arms can wield two-handed weapons with a shield.
You have a pair of large antennae on your head. (SInv)


Message History

You are too injured to fight recklessly!
You feel sick. The killer bee barely misses you. The killer bee stings you. x2
You are more poisoned.
The killer bee poisons you!
You feel sick. The killer bee closely misses you.
The killer bee stings you but does no damage.
The adder bites you but does no damage.
You feel sick. You block the killer bee's attack.
* * * LOW HITPOINT WARNING * * *
You feel sick. The killer bee stings you.
* * * LOW HITPOINT WARNING * * *
You block the killer bee's attack.
* * * LOW HITPOINT WARNING * * *
You feel sick.
The killer bee stings you but does no damage.
The killer bee stings you.
* * * LOW HITPOINT WARNING * * *
You are more poisoned.
The killer bee poisons you! You block the killer bee's attack. x2
You die...

.............[........
..>.................. ..
......#............. ...
......#...........###...
.....##........#.##......
##....#...................
#...........#.............
....####....###...........
...####.....###.@........
......#.....##...y.....#
...........###..yy....###.#
........#... #.#S.y.......
........##...#.###y...#..
.....##.# ............##...
...###... .................
.... ...#......##.... .....
...........# ...


You could see 5 killer bees and an adder.

Vanquished Creatures
  An iguana (D:4)
  A hound skeleton (D:3)
  A howler monkey skeleton (D:3)
  3 adders
  2 oozes
  4 worms
  4 dart slugs
  5 leopard geckos
  2 orcs
  2 giant cockroaches
  8 goblins
  4 hobgoblins
  5 jackals
  10 kobolds
  A quokka (D:2)
  2 ball pythons (D:1)
  8 bats
  5 frilled lizards
  A jackal zombie (D:3)
  8 rats
77 creatures vanquished.

Notes
Turn   | Place    | Note
-------+----------+-------------------------------------------
     0 | D:1      | Gynju the Formicid Fighter began the quest for the Orb.
     0 | D:1      | Reached XP level 1. HP: 18/18 MP: 1/1
   188 | D:1      | Reached XP level 2. HP: 24/24 MP: 2/2
   341 | D:1      | Reached skill level 3 in Axes
   393 | D:1      | Reached XP level 3. HP: 24/29 MP: 3/3
   894 | D:2      | Reached XP level 4. HP: 26/35 MP: 4/4
  1051 | D:2      | Reached skill level 4 in Axes
  1814 | D:3      | Reached XP level 5. HP: 41/41 MP: 5/5
  1921 | D:3      | Reached skill level 5 in Axes
  3005 | D:4      | HP: 1/41 [killer bee (5)]
  3006 | D:4      | Succumbed to a killer bee's poison

Levels and vault maps discovered:
D:1:      roderic_dead_forest, layout_basic
D:2:      layout_loops_ring
D:3:      layout_basic, first_ration, serial_undead, serial_undead_f,
          serial_undead_a, serial_undead_b, serial_undead_d
D:4:      minmay_chambers_of_threes, layout_cave_pools

Skill      XL: |  1  2  3  4  5 |
---------------+----------------+-----
Axes           | 3 4 5 |  5.6
Fighting       | |  3.3
Armour         | |  3.3
Shields        | |  3.6

Action                   |  1- 3 |  4- 6 || total
-------------------------+-------+-------++-------
Melee: War axe           |    78 |   142 ||   220
  Eat: Chunk             |       |     7 ||     7
Armor: Scale mail        |    40 |    12 ||    52
       Chain mail        |       |    56 ||    56
Dodge: Dodged            |    19 |    27 ||    46
Block: Shield            |    38 |    73 ||   111

Table legend:
 A = Non-vault XP
 B = Vault XP
 C = Vault XP percentage of total XP
 D = Non-vault monster count
 E = Vault monster count
 F = Vault count percentage of total count
                 A         B        C        D         E       F
            +---------+---------+-------+---------+---------+-------
      Total |     232 |      33 |  12.5 |      74 |       3 |   3.9
            +---------+---------+-------+---------+---------+-------
        D:1 |      47 |       0 |   0.0 |      28 |       0 |   0.0
        D:2 |      79 |       0 |   0.0 |      21 |       0 |   0.0
        D:3 |      45 |      33 |  42.3 |      21 |       3 |  12.5
        D:4 |      61 |       0 |   0.0 |       4 |       0 |   0.0
            +---------+---------+-------+---------+---------+-------
